 Dungeon Crawl Stone Soup version 0.30-b1-2-g02819fbbbe (webtiles) character file.

Game seed: 14510441103113645428

11277 Arcadio the Thaumaturge (level 11, -7/48 HPs)
             Began as a Deep Elf Conjurer on May 9, 2023.
             Was a Priest of Hepliaklqana.
             Collided with some deep water (15 damage)
             ... caused by a swamp worm
             ... on level 2 of the Lair of Beasts.
             The game lasted 00:41:44 (10326 turns).

Arcadio the Thaumaturge (Deep Elf Conjurer)        Turns: 10326, Time: 00:41:45

Health: -7/48      AC:  4    Str:  4    XL:     11   Next: 47%
Magic:  29/30      EV: 18    Int: 34    God:    Hepliaklqana [***...]
Gold:   565        SH:  0    Dex: 13    Spells: 7/37 levels left

rFire   . . .        F - +2 spear (distort)
rCold   . . .        (no shield)
rNeg    . . .        a - +0 robe
rPois   +            q - +1 hat
rElec   .            (no cloak)
rCorr   .            w - +0 pair of gloves
SInv    .            (no boots)
Will    +....        (no amulet)
Stlth   ++           h - +6 ring of intelligence
HPRegen 0.28/turn    I - ring of poison resistance
MPRegen 0.22/turn

%: no passive effects
@: studying Evocations
A: reduced essence
a: Renounce Religion, Recall Ancestor, Ancestor Identity, Transference


You were on level 2 of the Lair of Beasts.
You worshipped Hepliaklqana.
Hepliaklqana was most pleased with you.
You visited 2 branches of the dungeon, and saw 10 of its levels.
You also visited: Ossuary.

You collected 565 gold pieces.

Inventory:

Hand Weapons
 x - a +2 dagger of speed
 F - a +2 spear of distortion (weapon)
Missiles
 m - 4 throwing nets
Armour
 a - a +0 robe (worn)
 q - a +1 hat (worn)
 w - a +0 pair of gloves (worn)
Jewellery
 h - a +6 ring of intelligence (left hand)
 C - a ring of willpower
 I - a ring of poison resistance (right hand)
Wands
 s - a wand of polymorph (4)
 u - a wand of roots (6)
Scrolls
 e - a scroll of enchant armour {unknown}
 g - 7 scrolls of teleportation {unknown}
 j - 3 scrolls of blinking
 p - a scroll of acquirement {unknown}
 t - a scroll of silence {unknown}
 y - a scroll of magic mapping {unknown}
 A - 2 scrolls of immolation {unknown}
 E - 3 scrolls of torment {unknown}
 G - a scroll of enchant weapon {unknown}
 H - 6 scrolls of fog {unknown}
 K - 2 scrolls of fear {unknown}
Potions
 b - 2 potions of magic
 c - 6 potions of curing
 d - a potion of cancellation {unknown}
 f - 4 potions of ambrosia
 i - 3 potions of attraction
 k - 5 potions of might
 l - 4 potions of heal wounds
 n - 4 potions of degeneration
 o - 4 potions of mutation
 v - 2 potions of flight
 z - a potion of resistance {unknown}
 B - 2 potions of berserk rage
 D - a potion of lignification {unknown}
 J - a potion of haste {unknown}
 L - a potion of brilliance {unknown}
 M - a potion of invisibility {unknown}


   Skills:
 + Level 12.8 Dodging
 - Level 2.4 Stealth
 + Level 13.9 Spellcasting
 - Level 10.7 Conjurations
 + Level 6.2 Fire Magic


You had 7 spell levels left.
You knew the following spells:

 Your Spells              Type           Power      Damage    Failure   Level
a - Searing Ray           Conj           100%       2d8       1%          2
b - Fireball              Conj/Fire      34%        3d14      1%          5
c - Fulminant Prism       Conj/Hex       28%        3d14      1%          4
d - Inner Flame           Hex/Fire       44%        N/A       1%          3
e - Iskenderun's Mystic   Conj/Tloc      57%        2d12      1%          4
f - Momentum Strike       Conj/Tloc      100%       3d10      1%          2
g - Blink                 Tloc           46%        N/A       2%          2
h - Magic Dart            Conj           100%       1d8       1%          1
i - Sticky Flame          Conj/Fire      69%        2d8       1%          4
j - Dazzling Flash        Conj/Hex       100%       N/A       1%          3

Your spell library contained the following spells:

 Spells                   Type           Power      Damage    Failure   Level
 Foxfire                  Conj/Fire      100%       2x1d9     1%          1
 Flame Wave               Conj/Fire      69%        2d16      1%          4
 Lesser Beckoning         Tloc           46%        N/A       2%          2
 Call Canine Familiar     Summ           23%        N/A       5%          3
 Portal Projectile        Hex/Tloc       46%        N/A       5%          3
 Starburst                Conj/Fire      34%        6d10      9%          6
 Leda's Liquefaction      Hex/Erth       11%        N/A       19%         4
 Plasma Beam              Fire/Air       22%        2x1d37    58%         6


Dungeon Overview and Level Annotations

Branches:
Dungeon (8/15) Zot: 24697    Lair (2/5) D:8 Zot: 9895 Ossuary (visited)
 Temple: D:4-7        Swamp: Lair:2-3    Shoals: Lair:2-3     Snake: Lair:2-3
 Spider: Lair:2-3

Altars:
Gozag
Hepliaklqana
Okawaru
Wu Jian
Xom

Shops:
D:4 (

Annotations:
Lair:1 Gastronok


Message History

Mordred hits the basilisk with a +0 flail.
The basilisk bites Mordred!
Mordred avoids your attack.
The searing ray hits the basilisk!
The basilisk is heavily wounded.
The basilisk bites Mordred!
Mordred hits the basilisk with a +0 flail!
Mordred avoids your attack.
The searing ray hits the basilisk!
You kill the basilisk!
You start resting.
Magic restored.
You start resting.
Ancestor HP restored.
A swamp worm comes into view.
The swamp worm fires a harpoon shot at you.
The harpoon shot hits you!
You are yanked forward by the harpoon shot.
You violently stop moving!
The swamp worm fires a harpoon shot at you.
The harpoon shot hits you.
You are yanked forward by the harpoon shot.
You violently stop moving!
The swamp worm fires a harpoon shot at you.
The harpoon shot hits you!!
* * * LOW HITPOINT WARNING * * *
You are yanked forward by the harpoon shot.
The swamp worm closely misses you.
You feel much better. The swamp worm bites you!!
Ouch! That really hurt!
You swap places.
Mordred hits the swamp worm with a +0 flail!
The swamp worm fires a harpoon shot at you.
The harpoon shot misses Mordred.
The harpoon shot misses you.
The swamp worm bites Mordred.
Mordred hits the swamp worm with a +0 flail.
The swamp worm fires a harpoon shot at you.
The harpoon shot hits you!
* * * LOW HITPOINT WARNING * * *
You are yanked forward by the harpoon shot.
You violently stop moving!
You die...

###P... #...........
.<.........
........... ..........
♣♣♣♣♣♣♣♣♣
#.......♣♣♣~≈~~≈≈~~
#.....⌠.......♣
##....⌠..@R.♣
##......♣♣♣≈w≈≈~♣
#..........♣♣♣♣♣♣♣
.....#..........♣♣♣♣♣♣
...#
#...............## ..
#P...............# .
###........###..## .
#........##....### ..
##.......###.....# ..


You could see the friendly Mordred the knight and a swamp worm (ally target).

Vanquished Creatures
  A torpor snail (Lair:2)
  A cane toad (Lair:2)
  5 komodo dragons
  9 blink frogs
  12 yaks
  A wraith (Ossuary)
  2 basilisks (Lair:2)
  3 wargs (D:8)
  An acid dragon (D:8)
  3 water moccasins
  An ice beast (D:5)
  An orc warrior (D:8)
  A sky beast (D:7)
  3 black bears (Lair:1)
  An ogre (D:5)
  3 centaurs
  A phantom (D:6)
  A bullfrog (Lair:2)
  A gnoll sergeant (D:8)
  A scorpion (D:7)
  Dowan (D:6)
  A howler monkey (D:6)
  A hound (D:5)
  10 orc priests
  2 jellies
  A sleepcap (D:8)
  5 orc wizards
  2 iguanas
  A mummy (Ossuary)
  4 adders
  11 gnolls
  A white imp (D:7)
  2 dart slugs
  18 orcs
  8 bats
  12 endoplasms
  A giant cockroach (D:1)
  7 goblins
  4 hobgoblins
  4 jackals (D:2)
  4 kobolds
  4 quokkas
  11 ball pythons
  6 frilled lizards
  2 goblin zombies (Ossuary)
  4 kobold zombies (Ossuary)
  6 rats
  4 bushes (Lair:2)
189 creatures vanquished.

Vanquished Creatures (collateral kills)
  A cane toad (Lair:1)
  A blink frog (Lair:2)
  6 yaks
  A wyvern (D:7)
  2 water moccasins
  Duvessa (D:6)
  2 ice beasts (D:8)
  A sky beast (D:7)
  3 black bears (Lair:1)
  An ogre (D:6)
  A bullfrog (D:8)
  A scorpion (D:7)
  A hound (D:6)
  2 iguanas
  An orc wizard (D:8)
  2 mummies (Ossuary)
  3 gnolls
  An adder (D:5)
31 creatures vanquished.

Vanquished Creatures (others)
  4 knights
  3 ancestors
  2 fulminant prisms
  12 fungi
  29 plants
50 creatures vanquished.

Grand Total: 270 creatures vanquished

Notes
Turn   | Place    | Note
-------+----------+-------------------------------------------
     0 | D:1      | Arcadio the Deep Elf Conjurer began the quest for the Orb.
     0 | D:1      | Reached XP level 1. HP: 10/10 MP: 6/6
   126 | D:1      | Reached XP level 2. HP: 15/15 MP: 6/8
   502 | D:1      | Learned a level 2 spell: Searing Ray
   812 | D:2      | Reached XP level 3. HP: 18/19 MP: 5/10
  1047 | D:2      | Reached skill level 4 in Spellcasting
  1371 | D:2      | Reached skill level 5 in Conjurations
  1801 | D:3      | Reached XP level 4. HP: 24/24 MP: 8/12
  1918 | D:3      | Learned a level 2 spell: Momentum Strike
  1922 | D:3      | Learned a level 3 spell: Dazzling Flash
  1925 | D:3      | Learned a level 2 spell: Blink
  2023 | D:3      | Found an iron altar of Okawaru.
  2091 | D:3      | Found an opulent altar of Gozag.
  2195 | D:3      | Found a hazy altar of Hepliaklqana.
  2196 | D:3      | Found a shimmering altar of Xom.
  2377 | D:3      | Found an ornate altar of the Wu Jian Council.
  2435 | D:3      | Became a worshipper of Hepliaklqana the Forgotten
  2442 | D:4      | Found Bawku's Antique Weapon Shoppe.
  2879 | D:4      | Noticed a centaur
  2881 | D:4      | Noticed a centaur
  2892 | D:4      | Killed a centaur
  2893 | D:4      | Reached skill level 5 in Spellcasting
  2893 | D:4      | Reached XP level 5. HP: 8/28 MP: 5/14
  2896 | D:4      | Killed a centaur
  2897 | D:4      | Reached XP level 6. HP: 4/32 MP: 0/16
  3113 | D:4      | Reached skill level 5 in Dodging
  3333 | D:4      | Reached skill level 6 in Spellcasting
  3655 | D:5      | Entered Level 5 of the Dungeon
  3824 | D:5      | Reached * piety under Hepliaklqana
  3825 | D:5      | Noticed an ice beast
  3831 | D:5      | Killed an ice beast
  3832 | D:5      | Reached XP level 7. HP: 32/32 MP: 12/18
  4572 | D:6      | Reached skill level 7 in Spellcasting
  4630 | D:6      | Noticed a yak
  4630 | D:6      | Noticed a yak
  4819 | D:6      | Found a sand-covered staircase.
  4823 | Ossuary  | Entered an ossuary
  4823 | Ossuary  | Noticed a wraith
  4823 | Ossuary  | Noticed a wraith
  4823 | Ossuary  | Noticed a wraith
  5030 | Ossuary  | Reached XP level 8. HP: 36/36 MP: 16/21
  5197 | Ossuary  | Found the dreamshard necklace {*Dream Drain}
  5514 | D:6      | Noticed Dowan
  5516 | D:6      | Noticed Duvessa
  5520 | D:6      | Killed Dowan
  5521 | D:6      | Reached skill level 8 in Spellcasting
  5523 | D:6      | Killed Duvessa
  5858 | D:6      | Identified the +5 scale mail "Hish" {rElec rN+}
  5875 | D:6      | Reached ** piety under Hepliaklqana
  5876 | D:6      | Remembered your ancestor Mordred as a knight
  5890 | D:6      | You fall into a shaft and drop 2 floors!
  5963 | D:7      | Reached skill level 9 in Spellcasting
  6268 | D:7      | Reached XP level 9. HP: 40/40 MP: 18/24
  6662 | D:7      | Learned a level 4 spell: Fulminant Prism
  6667 | D:7      | Learned a level 4 spell: Iskenderun's Mystic Blast
  7058 | D:8      | Reached skill level 10 in Spellcasting
  7699 | D:8      | Found a staircase to the Lair.
  7719 | D:8      | Reached skill level 10 in Dodging
  7724 | D:8      | Reached skill level 11 in Spellcasting
  7724 | D:8      | Reached skill level 10 in Conjurations
  7924 | D:8      | Reached XP level 10. HP: 45/45 MP: 18/27
  8230 | Lair:1   | Entered Level 1 of the Lair of Beasts
  8348 | Lair:1   | Learned a level 5 spell: Fireball
  8353 | Lair:1   | Learned a level 4 spell: Sticky Flame
  8357 | Lair:1   | Learned a level 3 spell: Inner Flame
  8402 | Lair:1   | Reached *** piety under Hepliaklqana
  8496 | Lair:1   | Noticed a cane toad
  8507 | Lair:1   | Killed a cane toad
  8508 | Lair:1   | Reached skill level 12 in Spellcasting
  8508 | Lair:1   | Reached skill level 1 in Fire Magic
  8969 | Lair:1   | Noticed Gastronok
  9405 | Lair:2   | Noticed a torpor snail
  9411 | Lair:2   | Killed a torpor snail
  9412 | Lair:2   | Reached skill level 13 in Spellcasting
  9412 | Lair:2   | Reached XP level 11. HP: 48/48 MP: 16/30
  9617 | Lair:2   | Reached skill level 5 in Fire Magic
 10326 | Lair:2   | Collided with some deep water

Illustrated notes

Levels and vault maps discovered:
D:1:      onia_arrival_pyramid, layout_basic
D:2:      layout_basic
D:3:      layout_rooms, okawaru_metal_pillars_3, nzn_wu_jian_council_hall,
          gammafunk_temple_overflow_forgotten
D:4:      layout_loops_ring, serial_shops, shop, minmay_manual_mares
D:5:      layout_basic
D:6:      nicolae_cairo_tiling_large, layout_basic,
          minmay_temple_entry_nine_rooms, enter_ossuary_5, uniq_duvessa
D:7:      layout_loops_ring, enter_bailey_6, nicolae_benzene_ring,
          grunt_decor_one_mirror
D:8:      layout_rooms, erik_lair_orcish_takeover, grunt_ministairs_15
Lair:1:   layout_long_grid, beast_lair_carwin_7, uniq_gastronok
Lair:2:   layout_layer_cave, nicolae_swamp_entry_splash_gauntlet,
          pdpol_lair_neglected_garden, uniq_amaemon

Skill      XL: |  1  2  3  4  5  6  7  8  9 10 11 |
---------------+----------------------------------+-----
Dodging        | 3 4 5 6 8 10 12 | 12.8
Spellcasting   | 4 5 6 7 9 11 13 | 13.9
Conjurations   | 5 6 7 8 10 | 10.7
Fire Magic     | 4 6 |  6.2
Stealth        | |  2.4

Action                     |  1- 3 |  4- 6 |  7- 9 | 10-12 || total
---------------------------+-------+-------+-------+-------++-------
  Melee: Dagger            |       |    17 |    23 |       ||    40
         Spear             |       |       |     5 |     9 ||    14
   Cast: Magic Dart        |    80 |    43 |    30 |     3 ||   156
         Searing Ray       |       |    16 |    56 |    33 ||   105
         Fulminant Prism   |       |       |     1 |     1 ||     2
         Fireball          |       |       |       |    19 ||    19
         Blink             |       |       |       |     1 ||     1
 Invoke: Ancestor Identity |       |     1 |     2 |       ||     3
         Recall Ancestor   |       |       |     2 |     6 ||     8
         Ancestor Life: Kn |       |       |     1 |       ||     1
  Evoke: Wand              |       |       |     1 |       ||     1
    Use: Scroll            |     2 |     3 |     4 |     2 ||    11
         Potion            |       |       |       |     1 ||     1
   Stab: Sleeping          |       |       |     1 |       ||     1
 Armour: Robe              |     1 |     7 |    12 |     5 ||    25
  Dodge: Dodged            |     2 |    18 |    37 |    34 ||    91
